 Dungeon Crawl Stone Soup version 0.22.1-1-ga44c0e56f4 (webtiles) character file.

1359 Naru the Quickloader (level 8, -1/68 HPs)
             Began as a Centaur Hunter on Oct 30, 2018.
             Slain by a wyvern (14 damage)
             ... on level 7 of the Dungeon.
             The game lasted 00:20:03 (8403 turns).

Naru the Quickloader (Centaur Hunter)               Turns: 8403, Time: 00:20:04

Health: -1/68      AC:  7    Str: 15    XL:     8   Next: 37%
Magic:  8/8        EV:  7    Int: 10    God:
Gold:   259        SH:  3    Dex: 12    Spells: 7/7 levels left

rFire    + . .     SeeInvis .   l - +0 hunting sling
rCold    . . .     Gourm    .   x - +0 buckler
rNeg     . . .     Faith    .   n - +0 ring mail {rF+}
rPois    +         Spirit   .   (no helmet)
rElec    .         Reflect  .   y - +1 cloak {rPois}
rCorr    .         Harm     .   (no gloves)
MR       .....                  (no barding)
Stlth    ..........             (no amulet)
HPRegen  0.21/turn              (no ring)
MPRegen  0.11/turn              (no ring)

@: extremely drained, very quick
A: large, hooves 3, deformed body, speed 2, tough skin 3
a: no special abilities


You were on level 7 of the Dungeon.
You were not hungry.

You visited 1 branch of the dungeon, and saw 7 of its levels.

You collected 259 gold pieces.

Inventory:

Hand Weapons
 a - a +2 hand crossbow
 b - a +2 short sword of freezing
 l - a +0 hunting sling (weapon)
Missiles
 d - 16 sling bullets
 m - 10 arrows
 r - 9 poisoned needles
 u - 13 bolts
 v - 211 stones (quivered)
 w - 8 javelins
Armour
 n - a +0 ring mail of fire resistance (worn)
 x - a +0 buckler (worn)
 y - a +1 cloak of poison resistance (worn)
Wands
 h - a wand of digging (12)
 q - a wand of random effects (26)
Scrolls
 e - 2 scrolls of fear
 g - 2 scrolls of teleportation
 p - a scroll of silence {unknown}
 B - 2 scrolls of magic mapping {unknown}
Potions
 c - 3 potions of curing
 i - a potion of haste
 j - 2 potions of flight
 k - a potion of might {unknown}
 o - a potion of mutation {unknown}
 s - a potion of degeneration {unknown}
 t - a potion of resistance {unknown}
 z - a potion of invisibility {unknown}
 A - 2 potions of agility
 C - a potion of lignification {unknown}
Comestibles
 f - 7 rations


   Skills:
 * Level 5.2(0.0) Fighting
 * Level 4.1(0.0) Slings
 - Level 9.5(1.7) Crossbows
 - Level 0.1(0.0) Armour
 + Level 2.0(0.0) Dodging
 - Level 0.4(0.0) Stealth
 * Level 0.7(0.0) Shields


You had 7 spell levels left.
You didn't know any spells.
Your spell library was empty.

Dungeon Overview and Level Annotations

Branches:
Dungeon (7/15)
 Temple: D:4-7

Altars:
Cheibriados
Elyvilon
Hepliaklqana
Qazlal
Sif Muna
Uskayaw
Wu Jian
The Shining One

Shops:
D:5 *

Annotations:
D:5 1 runed door, bananovenc's ghost, novice GrMo


Innate Abilities, Weirdness & Mutations

You have hooves in place of feet.
Armour fits poorly on your strangely shaped body.
You cover ground very quickly.
You have extremely tough skin. (AC +3)


Message History

The stone hits the wyvern but does no damage.
The wyvern is moderately wounded.
The wyvern bites you!
Firing (i - inventory. (/) - cycle)
v - 213 stones (quivered)
Press: ? - help, Shift-Dir - straight line, f/p - wyvern
Aim: a wyvern (moderately wounded)
You shoot a stone. The stone closely misses the wyvern.
The wyvern bites you but does no damage.
The wyvern bites you!
Firing (i - inventory. (/) - cycle)
v - 212 stones (quivered)
Press: ? - help, Shift-Dir - straight line, f/p - wyvern
Aim: a wyvern (lightly wounded)
You shoot a stone. The stone barely misses the wyvern.
The wyvern bites you! The wyvern closely misses you. The wyvern bites you!
* * * LOW HITPOINT WARNING * * *
The wyvern bites you!
* * * LOW HITPOINT WARNING * * *
The wyvern bites you!
You die...

....###### ....
#...## ... #.... #
... ...##.### #.#
#.......#
#.####<.......
.######.##@........#
.........l.#........
.######.####.......#
#..# #.......# ##.#
........# #(#
........#
#$......#.######
##..(.....#
#.##..##..#


You could see a wyvern.

Vanquished Creatures
  Edmund (D:5)
  2 orc warriors
  A sky beast (D:5)
  2 ogres
  A scorpion (D:6)
  4 wights (D:6)
  A crimson imp (D:5)
  A bullfrog zombie (D:6)
  A gnoll shaman (D:3)
  An orc priest (D:5)
  2 centaur skeletons
  2 orc wizards
  An iguana (D:4)
  2 worker ants
  A killer bee zombie (D:5)
  A hound skeleton (D:6)
  Robin (D:4)
  5 adders
  5 gnolls (D:3)
  An adder zombie (D:5)
  A worm (D:3)
  7 leopard geckos
  17 orcs
  8 bats
  5 giant cockroaches
  14 goblins
  6 hobgoblins
  12 jackals
  2 kobolds
  3 quokkas
  7 frilled lizards
  2 jackal skeletons
  4 rats
124 creatures vanquished.

Notes
Turn   | Place    | Note
-------+----------+-------------------------------------------
     0 | D:1      | Naru the Centaur Hunter began the quest for the Orb.
     0 | D:1      | Reached XP level 1. HP: 17/17 MP: 1/1
   316 | D:1      | Reached XP level 2. HP: 24/24 MP: 2/2
   569 | D:1      | Reached skill level 5 in Crossbows
  1228 | D:2      | Found a hazy altar of Hepliaklqana.
  1905 | D:3      | Reached XP level 3. HP: 29/29 MP: 3/3
  2278 | D:3      | Found a faded altar of an unknown god.
  2416 | D:3      | Reached XP level 4. HP: 37/37 MP: 4/4
  2475 | D:3      | Reached skill level 6 in Crossbows
  2721 | D:3      | Reached XP level 5. HP: 40/42 MP: 5/5
  3534 | D:4      | Found a white marble altar of Elyvilon.
  3545 | D:4      | Reached skill level 7 in Crossbows
  3821 | D:4      | Noticed an orc warrior
  3856 | D:4      | Killed an orc warrior
  3856 | D:4      | Reached XP level 6. HP: 43/51 MP: 6/6
  4008 | D:4      | Found a stormy altar of Qazlal.
  4083 | D:4      | Noticed Robin
  4155 | D:4      | Killed Robin
  4408 | D:4      | Found a glowing golden altar of the Shining One.
  4494 | D:4      | Found an ornate altar of the Wu Jian Council.
  4596 | D:5      | Entered Level 5 of the Dungeon
  4596 | D:5      | Found a runed door.
  4596 | D:5      | Noticed bananovenc's ghost (novice GrMo)
  4750 | D:5      | Reached skill level 8 in Crossbows
  4836 | D:5      | Noticed a sky beast
  4856 | D:5      | Killed a sky beast
  4856 | D:5      | Reached XP level 7. HP: 52/60 MP: 7/7
  4959 | D:5      | Found a hide-covered altar of Uskayaw.
  4959 | D:5      | Found a snail-covered altar of Cheibriados.
  4989 | D:5      | Found a deep blue altar of Sif Muna.
  5058 | D:5      | Found Riba Gai's General Store.
  5211 | D:6      | Reached skill level 9 in Crossbows
  6614 | D:5      | Reached skill level 1 in Slings
  6614 | D:5      | Reached XP level 8. HP: 44/67 MP: 8/8
  7043 | D:6      | Noticed Edmund
  7099 | D:6      | Reached skill level 5 in Fighting
  7586 | D:5      | Killed Edmund
  8403 | D:7      | Slain by a wyvern

Skill      XL: |  1  2  3  4  5  6  7  8 |
---------------+-------------------------+-----
Crossbows      | 5 6 7 8 9 |  9.5
Fighting       | 3 4 5 |  5.2
Slings         | 1 4 |  4.1
Dodging        | 2 |  2.0
Armour         | |  0.1
Stealth        | |  0.4
Shields        | |  0.7

Action                   |  1- 3 |  4- 6 |  7- 9 || total
-------------------------+-------+-------+-------++-------
Melee: Short sword       |    10 |    10 |       ||    20
       Hand crossbow     |       |     3 |       ||     3
       Kick              |       |     4 |       ||     4
 Fire: Hand crossbow     |   125 |   152 |    79 ||   356
       Hunting sling     |       |       |   215 ||   215
Throw: Stone             |       |       |     3 ||     3
Evoke: Wand              |       |       |     1 ||     1
  Use: Scroll            |       |    12 |     1 ||    13
  Eat: Chunk             |     2 |     6 |     3 ||    11
       Ration            |       |       |     2 ||     2
Armor: Leather armour    |     2 |       |       ||     2
       Ring mail         |    24 |    40 |    65 ||   129
Dodge: Dodged            |    35 |    26 |    60 ||   121
Block: Buckler           |       |     5 |    22 ||    27
